 Dungeon Crawl Stone Soup version 0.20.1-1-g8b1a95d66d (webtiles) character file.

3023 Peloso the Carver (level 9, -4/77 (78) HPs)
             Began as a Minotaur Fighter on Dec 26, 2017.
             Slain by an orc warrior
             ... wielding a +0 dire flail
              (17 damage)
             ... on level 7 of the Dungeon.
             The game lasted 00:13:15 (5776 turns).

Peloso the Carver (Minotaur Fighter)                Turns: 5776, Time: 00:13:16

HP:   -4/77 (78)    AC: 15    Str: 22    XL:     9   Next: 55%
MP:   8/8           EV:  8    Int:  5    God:
Gold: 317           SH: 11    Dex: 12    Spells: 8/8 levels left

rFire    . . .     SeeInvis .   a - +0 long sword
rCold    . . .     Gourm    .   c - +0 shield
rNeg     . . .     Faith    .   b - +0 chain mail
rPois    .         Spirit   .   (helmet restricted)
rElec    .         Reflect  .   x - +0 cloak (curse)
rCorr    .         Harm     .   (no gloves)
MR       +....                  y - +0 pair of boots
Stlth    ..........             (no amulet)
Regen    0.3/turn               A - ring of protection from magic
MPRegen  0.2/turn               j - +2 ring of protection

@: lethally poisoned (-4 -> -6)
A: retaliatory headbutt, horns 2
a: no special abilities


You were on level 7 of the Dungeon.
You were hungry.

You visited 2 branches of the dungeon, and saw 8 of its levels.

You collected 317 gold pieces.

Inventory:

Hand Weapons
 a - a +0 long sword (weapon)
Armour
 b - a +0 chain mail (worn)
 c - a +0 shield (worn)
 x - a cursed +0 cloak (worn)
 y - a +0 pair of boots (worn)
Jewellery
 g - an uncursed ring of ice
 j - a +2 ring of protection (right hand)
 r - an uncursed ring of protection from fire
 z - an uncursed ring of see invisible
 A - a ring of protection from magic (left hand)
Wands
 F - a wand of lightning (5/15)
 H - a wand of lightning (5/15)
Scrolls
 h - 5 scrolls of amnesia {unknown}
 q - 2 scrolls of enchant armour {unknown}
 s - 3 scrolls of teleportation {unknown}
 t - 2 scrolls of blinking {unknown}
 w - 5 scrolls of remove curse {unknown}
 B - a scroll of noise {unknown}
 D - 8 scrolls of identify
Potions
 d - 2 potions of ambrosia
 e - 2 potions of agility
 i - 2 potions of heal wounds {unknown}
 n - a potion of invisibility
 o - 3 potions of curing
 p - 2 potions of haste
 u - a potion of might
 v - 4 potions of mutation {unknown}
 C - a potion of magic {unknown}
 E - a potion of resistance {unknown}
 G - a potion of degeneration {unknown}
Comestibles
 f - 6 bread rations
 k - 3 fruits
 l - 2 meat rations
 m - a royal jelly
 I - a chunk of flesh


   Skills:
 + Level 6.6 Fighting
 + Level 9.8 Long Blades
 + Level 8.2 Armour
 + Level 4.2 Dodging
 + Level 1.0 Stealth
 + Level 8.1 Shields


You had 8 spell levels left.
You didn't know any spells.

Dungeon Overview and Level Annotations

Branches:
Dungeon (7/15)             Temple (1/1) D:5

Altars:
Ashenzari
Cheibriados
Dithmenos
Fedhas
Gozag
Hepliaklqana
Kikubaaqudgha
Makhleb
Qazlal
Ru
Trog
Uskayaw
Vehumet
Xom
Yredelemnul
The Shining One


Innate Abilities, Weirdness & Mutations

You reflexively headbutt those who attack you in melee.
You have a pair of horns on your head.


Message History

You feel sick. You block the orc warrior's attack.
Unknown command.
You block the orc warrior's attack.
Things that are here:
a trident of venom; a leather armour Unknown command.
You hit the orc warrior but do no damage.
The orc warrior is moderately wounded.
You feel sick. You block the orc warrior's attack.
You hit the orc warrior. You headbutt the orc warrior.
The orc warrior is severely wounded.
You block the orc warrior's attack.
You hit the orc warrior. Your headbutt misses the orc warrior.
The orc warrior is almost dead.
You feel sick. You block the orc warrior's attack.
You hit the orc warrior but do no damage.
You headbutt the orc warrior, but do no damage.
The orc warrior is almost dead.
The orc warrior hits you with a dire flail!
You die...

..# #........#.........#....#..
..#####........#...####+####..##.
.............###'####....#######.
.............#(..................
.............#...................
.............#...................
.............#...................
##+#####.....#.()o........8......
#......#.....#..@................
#......#.....#...........>.......
#......#.....#...####.##...##....
#......'.....#...# #.####.######
##.....#....)#.... . #.)........
##.....#.....#.... #...8......
.......#.....#....# #..........
##.....#.....#....# #....>.....
.#.....#.....# ##...##....


You could see an orc warrior.

Vanquished Creatures
  Grinder (D:3)
  Sigmund (D:3)
  Eustachio (D:4)
  The ghost of BrokenGlass the Insei, an amateur OpFi (D:3)
  An orc warrior (D:6)
  An ice beast (D:6)
  A sky beast (D:5)
  A phantom (D:7)
  4 ogres (D:4)
  2 necrophages
  4 centaurs
  A bullfrog (D:6)
  A howler monkey (D:5)
  3 crimson imps
  2 jellies (D:6)
  4 orc priests
  2 bullfrog skeletons
  2 centaur skeletons
  2 hounds (D:5)
  7 orc wizards
  3 iguanas
  3 worker ants
  Natasha (twice) (D:3)
  A hound zombie (D:6)
  2 hound skeletons
  8 adders
  A shadow imp (D:7)
  3 oozes
  2 adder skeletons
  2 worms
  9 dart slugs
  2 leopard geckos
  19 orcs
  2 ball pythons
  10 giant cockroaches
  7 goblins
  7 hobgoblins
  6 jackals
  9 kobolds
  2 quokkas (D:3)
  6 bats
  4 frilled lizards
  A jackal skeleton (D:4)
  A jackal zombie (D:5)
  A leopard gecko zombie (D:5)
  8 rats
163 creatures vanquished.

Vanquished Creatures (others)
  A crimson imp (D:5)
  A bullfrog zombie (D:5)
2 creatures vanquished.

Grand Total: 165 creatures vanquished

Notes
Turn   | Place    | Note
-------+----------+-------------------------------------------
     0 | D:1      | Peloso the Minotaur Fighter began the quest for the Orb.
     0 | D:1      | Reached XP level 1. HP: 19/19 MP: 0/0
    41 | D:1      | Reached XP level 2. HP: 26/27 MP: 1/1
   167 | D:1      | Reached XP level 3. HP: 32/33 MP: 2/2
   513 | D:2      | Reached skill level 3 in Long Blades
   620 | D:2      | Found a hazy altar of Hepliaklqana.
   627 | D:2      | You fall through a shaft for 2 floors!
   639 | D:4      | Reached XP level 4. HP: 24/40 MP: 3/3
   893 | D:4      | Noticed an ogre
   898 | D:4      | Killed an ogre
   898 | D:4      | Reached skill level 4 in Long Blades
   898 | D:4      | Reached XP level 5. HP: 21/47 MP: 4/4
   902 | D:4      | Noticed an ogre
   907 | D:4      | Killed an ogre
   907 | D:4      | Reached skill level 5 in Long Blades
   907 | D:4      | Reached skill level 1 in Dodging
   907 | D:4      | Reached skill level 5 in Shields
   907 | D:4      | Reached XP level 6. HP: 26/53 MP: 5/5
  1082 | D:4      | Found a sacrificial altar of Ru.
  1131 | D:4      | Reached skill level 5 in Armour
  1318 | D:4      | Found an opulent altar of Gozag.
  1528 | D:4      | Noticed Eustachio
  1532 | D:4      | Reached skill level 6 in Long Blades
  1560 | D:4      | Killed Eustachio
  1560 | D:4      | Reached skill level 5 in Fighting
  1560 | D:4      | Reached XP level 7. HP: 34/61 MP: 6/6
  1834 | D:4      | Found a shattered altar of Ashenzari.
  2045 | D:3      | Noticed Sigmund
  2091 | D:3      | Killed Sigmund
  2194 | D:3      | Noticed Natasha
  2201 | D:3      | Killed Natasha
  2204 | D:3      | Noticed Grinder
  2219 | D:3      | Killed Grinder
  2219 | D:3      | Reached skill level 7 in Long Blades
  2219 | D:3      | Reached XP level 8. HP: 20/69 MP: 7/7
  2299 | D:3      | You fall through a shaft!
  2352 | D:3      | Noticed BrokenGlass's ghost (amateur OpFi)
  2359 | D:3      | Killed BrokenGlass's ghost
  2464 | D:3      | Noticed Natasha
  2469 | D:3      | Killed Natasha
  3608 | D:5      | Entered Level 5 of the Dungeon
  3930 | D:5      | Found a staircase to the Ecumenical Temple.
  3949 | Temple   | Entered the Ecumenical Temple
  4087 | D:5      | Reached skill level 8 in Long Blades
  4318 | D:5      | Found a stormy altar of Qazlal.
  4345 | D:5      | Reached skill level 1 in Stealth
  4672 | D:6      | Reached XP level 9. HP: 68/74 MP: 8/8
  5041 | D:6      | Reached skill level 9 in Long Blades
  5522 | D:7      | Found Medum's Jewellery Emporium.
  5560 | D:7      | Found an ancient bone altar of Kikubaaqudgha.
  5776 | D:7      | Slain by an orc warrior

Skill      XL: |  1  2  3  4  5  6  7  8  9 |
---------------+----------------------------+-----
Armour         | 4 5 6 7 8 |  8.2
Shields        | 4 5 6 7 8 |  8.1
Fighting       | 4 5 6 |  6.6
Long Blades    | 3 4 5 6 7 8 9 |  9.8
Dodging        | 1 2 3 4 |  4.2
Stealth        | 1 |  1.0

Action                   |  1- 3 |  4- 6 |  7- 9 || total
-------------------------+-------+-------+-------++-------
Melee: Long sword        |    83 |    62 |   353 ||   498
       Headbutt          |    12 |    18 |    79 ||   109
  Use: Potion            |     1 |     1 |       ||     2
       Scroll            |       |       |     4 ||     4
  Eat: Chunk             |       |     2 |    13 ||    15
       Fruit             |       |       |     1 ||     1
Armor: Scale mail        |    40 |    20 |    82 ||   142
       Chain mail        |       |       |    46 ||    46
Dodge: Dodged            |    32 |    15 |    98 ||   145
Block: Shield            |    52 |    31 |   204 ||   287
       Rpst.: Long sword |     8 |     5 |    31 ||    44
